 Dungeon Crawl Stone Soup version 0.28.0-45-g0d030f2227 (webtiles) character file.

Game seed: 17000522642625956011

1559 Kangaroobicon the Cudgeller (level 8, 0/79 HPs)
             Began as a Troll Monk on Apr 19, 2022.
             Slain by an orc warrior
             ... wielding a +0 trident
              (13 damage)
             ... on level 6 of the Dungeon on Apr 23, 2022.
             The game lasted 00:41:33 (3925 turns).

Kangaroobicon the Cudgeller (Troll Monk)            Turns: 3925, Time: 00:41:34

Health: 0/79       AC:  9    Str: 20    XL:     8   Next: 58%
Magic:  7/7        EV: 11    Int:  6    God:
Gold:   203        SH:  5    Dex: 14    Spells: 7/7 levels left

rFire   . . .      SeeInvis .   E - +4 flail (vorpal)
rCold   . . .      Faith    .   (no shield)
rNeg    . . .      Spirit   .   b - +0 robe
rPois   .          Reflect  +   (helmet restricted)
rElec   .          Harm     .   p - +0 cloak
rCorr   .          Rampage  .   (gloves unavailable)
Will    .....                   (boots unavailable)
Stlth   ++........              x - amulet of reflection
HPRegen 1.03/turn               k - +4 ring of protection
MPRegen 0.10/turn               (no ring)

@: no status effects
A: large, unfitting armour, claws 3, regeneration 1, shaggy fur 1, tough skin 1
a: no special abilities


You were on level 6 of the Dungeon.
You visited 1 branch of the dungeon, and saw 6 of its levels.

You collected 203 gold pieces.

Inventory:

Hand Weapons
 d - a +0 hunting sling
 B - a +1 dagger of venom
 E - a +4 vorpal flail (weapon)
Missiles
 c - 2 poisoned darts (quivered)
 i - 18 arrows
 m - 59 sling bullets
 n - 2 throwing nets
 t - 14 bolts
Armour
 b - a +0 robe (worn)
 p - a +0 cloak (worn)
Jewellery
 k - a +4 ring of protection (left claw)
 o - an amulet of regeneration
 x - an amulet of reflection (around neck)
Wands
 y - a wand of iceblast (11)
Scrolls
 a - a scroll of silence {unknown}
 e - 2 scrolls of holy word
 u - a scroll of amnesia {unknown}
 v - a scroll of noise {unknown}
 w - a scroll of enchant armour {unknown}
 C - a scroll of torment {unknown}
Potions
 g - a potion of ambrosia {unknown}
 h - 2 potions of heal wounds
 j - a potion of mutation {unknown}
 l - 4 potions of curing
 q - a potion of might {unknown}
 z - a potion of lignification {unknown}
 A - a potion of haste {unknown}
 D - 2 potions of degeneration {unknown}


   Skills:
 * Level 4.4 Fighting
 + Level 7.3 Maces & Flails
 + Level 1.4 Throwing
 + Level 4.5 Dodging
 - Level 1.3 Stealth
 + Level 2.7 Shields


You had 7 spell levels left.
You didn't know any spells.
Your spell library contained the following spells:

 Spells                   Type           Power      Damage    Failure   Level
 Blink                    Tloc           0%         N/A       58%         2
 Ensorcelled Hibernation  Hex/Ice        0%         N/A       58%         2
 Passwall                 Tmut/Erth      0%         N/A       58%         2
 Sublimation of Blood     Necr           0%         N/A       58%         2
 Wereblood                Tmut           0%         N/A       58%         2
 Conjure Flame            Conj/Fire      0%         6-21      83%         3
 Gell's Gravitas          Tloc           0%         N/A       83%         3
 Ignite Poison            Fire/Tmut/Pois 0%         N/A       83%         3
 Lesser Beckoning         Tloc           0%         N/A       83%         3
 Mephitic Cloud           Conj/Pois/Air  0%         N/A       83%         3
 Swiftness                Air            0%         N/A       83%         3
 Teleport Other           Tloc           0%         N/A       83%         3
 Sticky Flame             Conj/Fire      0%         2d3       99%         4
 Freezing Cloud           Conj/Ice/Air   0%         6-21      100%        5
 Manifold Assault         Tloc           0%         N/A       100%        5
 Summon Hydra             Summ           0%         N/A       100%        7


Dungeon Overview and Level Annotations

Branches:
Dungeon (6/15)
 Temple: D:4-7

Altars:
Uskayaw
Zin


Innate Abilities, Weirdness & Mutations

You are too large for most types of armour.
You have claws for hands.
Your natural rate of healing is unusually fast.
You are covered in fur. (AC +1)
You have tough skin. (AC +1)


Message History

The orc wizard flickers and vanishes!
Deactivating autopickup; reactivate with Ctrl-A.
You closely miss the orc.
The orc is moderately wounded.
The orc barely misses you. You block the orc's attack.
You closely miss the orc.
The orc is heavily wounded.
The orc hits you with a +0 short sword. The orc hits you but does no damage.
You closely miss the orc.
The orc is almost dead.
The orc hits you with a +0 short sword.
The orc hits you from afar with a +0 trident!
You closely miss the orc.
The orc is almost dead.
You kill the orc!
The orc warrior hits you from afar with a +0 trident!
The orc barely misses you.
The orc warrior hits you from afar with a +0 trident.
The orc barely misses you.
Things that are here:
a +0 short sword; an orc corpse You closely miss the orc.
The orc is severely wounded.
The orc looks more healthy.
The orc warrior hits you from afar with a +0 trident!
The orc closely misses you.
You hit the orc.
You kill the orc!
The orc warrior barely misses you.
You closely miss something.
The orc warrior hits you from afar with a +0 trident!
Something hits you but does no damage.
You are electrocuted!!
* * * LOW HITPOINT WARNING * * *
You sock something!
The orc warrior hits you from afar with a +0 trident.
* * * LOW HITPOINT WARNING * * *
You block something's attack.
You completely miss something.
The orc warrior hits you from afar with a +0 trident!
You die...

########## ###
####........### #.##
##.............. ##.#
##...............
#.###........@{.((...
#..#..........)......
##............o.(....
#...................
##..................
#..................
##.................
####.................
##.###..........


You could see an orc warrior.

Vanquished Creatures
  A hornet (D:6)
  Eustachio (D:5)
  An orc warrior (D:6)
  A black bear (D:4)
  A necrophage (D:6)
  2 ogres
  A phantom (D:5)
  A scorpion (D:6)
  A water moccasin skeleton (D:5)
  2 bullfrog zombies
  A centaur zombie (D:6)
  2 hounds
  2 orc priests
  2 iguanas
  4 orc wizards
  2 hound skeletons
  4 gnolls (D:5)
  7 adders
  An adder skeleton (D:4)
  2 worms (D:2)
  2 dart slugs
  13 orcs
  2 bats (D:1)
  9 endoplasms
  2 giant cockroaches
  7 goblins
  4 hobgoblins
  2 jackals (D:1)
  6 kobolds
  4 quokkas
  6 ball pythons
  3 frilled lizards
  A rat (D:2)
100 creatures vanquished.

Notes
Turn   | Place    | Note
-------+----------+-------------------------------------------
     0 | D:1      | Kangaroobicon the Troll Monk began the quest for the Orb.
     0 | D:1      | Reached XP level 1. HP: 22/22 MP: 0/0
   320 | D:1      | Reached skill level 3 in Maces & Flails
   320 | D:1      | Reached XP level 2. HP: 25/29 MP: 1/1
   474 | D:1      | Found a faded altar of an unknown god.
   972 | D:2      | Reached XP level 3. HP: 32/36 MP: 2/2
  1292 | D:2      | Reached XP level 4. HP: 45/45 MP: 3/3
  1349 | D:2      | Reached skill level 4 in Maces & Flails
  1636 | D:3      | Found a hide-covered altar of Uskayaw.
  2194 | D:4      | Noticed a black bear
  2210 | D:4      | Killed a black bear
  2211 | D:4      | Reached XP level 5. HP: 45/53 MP: 4/4
  2220 | D:4      | Noticed an ogre
  2234 | D:4      | Killed an ogre
  2235 | D:4      | Reached XP level 6. HP: 17/61 MP: 5/5
  2257 | D:4      | Reached skill level 5 in Maces & Flails
  2381 | D:4      | Found a glowing silver altar of Zin.
  2381 | D:4      | Noticed an angel
  2901 | D:5      | Entered Level 5 of the Dungeon
  2949 | D:5      | Reached XP level 7. HP: 38/67 MP: 6/6
  3042 | D:5      | Identified the +0 pair of boots "Godyox" {rPois}
  3089 | D:5      | Reached skill level 6 in Maces & Flails
  3140 | D:5      | Reached skill level 1 in Shields
  3165 | D:5      | Noticed Eustachio
  3277 | D:5      | Killed Eustachio
  3537 | D:5      | Reached XP level 8. HP: 78/78 MP: 7/7
  3609 | D:6      | Noticed a hornet
  3621 | D:6      | Killed a hornet
  3622 | D:6      | Reached skill level 7 in Maces & Flails
  3622 | D:6      | Reached skill level 1 in Throwing
  3925 | D:6      | Slain by an orc warrior

Illustrated notes

Levels and vault maps discovered:
D:1:      dpeg_arrival_radiant, layout_basic,
          hellmonk_ecumenical_altar_leap_of_faith
D:2:      minmay_angry_zag, layout_rooms
D:3:      layout_loops_ring, nicolae_uskayaw_murder_on_the_dancefloor, hex_tiny
D:4:      layout_gridville, zin_angel
D:5:      layout_cave_pools, uniq_eustachio
D:6:      layout_cave_pods, bloody_trog, due_unseen_surprise

Skill      XL: |  1  2  3  4  5  6  7  8 |
---------------+-------------------------+-----
Maces & Flails | 3 4 5 6 7 |  7.3
Fighting       | 3 4 |  4.4
Dodging        | 3 4 |  4.5
Shields        | 2 |  2.7
Throwing       | 1 |  1.4
Stealth        | |  1.3

Action                   |  1- 3 |  4- 6 |  7- 9 || total
-------------------------+-------+-------+-------++-------
Melee: Mace              |   111 |   195 |   160 ||   466
       Hunting sling     |     1 |       |       ||     1
       Punch             |       |     1 |     3 ||     4
       Flail             |       |       |    54 ||    54
Throw: Dart              |       |       |    31 ||    31
       Throwing net      |       |       |     2 ||     2
Evoke: Wand              |       |     1 |       ||     1
  Use: Potion            |       |     1 |       ||     1
       Scroll            |       |       |     5 ||     5
 Stab: Sleeping          |     5 |       |       ||     5
Armor: Robe              |    52 |   112 |    95 ||   259
Dodge: Dodged            |    72 |   132 |   112 ||   316
Block: Other             |       |    49 |    62 ||   111
       Reflection        |       |       |     2 ||     2
